 Dungeon Crawl Stone Soup version 0.26-a0-665-gefeb406119 (webtiles) character file.

Game seed: 13899709165740413745

2 miscthings the Sneak (level 1, 0/20 HPs)
             Began as a Palentonga Delver on Oct 16, 2020.
             Slain by a rat (1 damage)
             ... on level 3 of the Dungeon.
             The game lasted 00:00:33 (78 turns).

miscthings the Sneak (Palentonga Delver)              Turns: 78, Time: 00:00:33

Health: 0/20       AC:  4    Str: 15    XL:     1   Next: 33%
Magic:  1/1        EV:  9    Int: 10    God:
Gold:   8          SH:  0    Dex: 11    Spells: 0/0 levels left

rFire    . . .     SeeInvis +   a - +0 hand axe
rCold    . . .     Faith    .   (no shield)
rNeg     . . .     Spirit   .   b - +0 leather armour
rPois    .         Reflect  .   (no helmet)
rElec    .         Harm     .   (no cloak)
rCorr    .         Rampage  .   (no gloves)
MR       .....                  (no barding)
Stlth    ++........             (no amulet)
HPRegen  0.06/turn              (no ring)
MPRegen  0.07/turn              (no ring)

@: no status effects
A: large, rugged brown scales 3, see invisible, deformed body, roll, armoured
tail
a: Rolling Charge


You were on level 3 of the Dungeon.
You visited 1 branch of the dungeon, and saw 3 of its levels.

You collected 8 gold pieces.

Inventory:

Hand Weapons
 a - a +0 hand axe (weapon)
Armour
 b - a +0 leather armour (worn)
Wands
 g - a wand of digging (3)
Scrolls
 c - a scroll of fog
 d - a scroll of magic mapping
Potions
 f - a potion of haste


   Skills:
 - Level 3.0 Fighting
 + Level 2.2 Axes
 - Level 1.5 Dodging
 - Level 3.3 Stealth


You couldn't memorise any spells.
You didn't know any spells.
Your spell library was empty.

Dungeon Overview and Level Annotations

Branches:
Dungeon (5/15)
 Temple: D:4-7

Altars:


Innate Abilities, Weirdness & Mutations

You are completely covered in rugged brown scales. (AC +3, +7% HP)
You have supernaturally acute eyesight. (SInv)
Armour fits poorly on your strangely shaped body.
You can roll at foes to attack.
You have a long armoured tail.


Message History

The orc wizard casts a spell.
The orc wizard flickers and vanishes for a moment.
The orc wizard mumbles some strange words.
The orc wizard flickers and vanishes for a moment.
Found 5 gold pieces.
The orc priest gives up.
Found a stone staircase leading up.
Found a trident.
A worker ant comes into view.
Found a metallic purple potion.
There is a stone staircase leading up here.
You climb upwards.
A rat comes into view.
There is a stone staircase leading down here.
Found a scroll of magic mapping.
You closely miss the rat. The rat bites you but does no damage.
You barely miss the rat. The rat bites you.
* * * LOW HITPOINT WARNING * * *
You barely miss the rat. The rat bites you.
You die...

#.#.#
#.#.#
#.#?#
#.#.#
#.#.#
#.#.#
#.#.###.##
#>@r......
###.......
.###.## ..
###


You could see a rat.

Vanquished Creatures
  An orc (D:4)
  A frilled lizard (D:4)
2 creatures vanquished.

Notes
Turn   | Place    | Note
-------+----------+-------------------------------------------
     0 | D:5      | miscthings the Palentonga Delver began the quest for the
                  | Orb.
     0 | D:5      | Reached XP level 1. HP: 20/20 MP: 1/1
     6 | D:5      | Noticed an ogre
    24 | D:4      | Noticed an orc priest
    41 | D:4      | Noticed an orc wizard
    43 | D:4      | Noticed an ogre
    56 | D:4      | Noticed an orc priest
    56 | D:4      | Noticed an orc wizard
    68 | D:4      | Noticed a worker ant
    77 | D:3      | HP: 1/20 [rat (3)]
    78 | D:3      | Slain by a rat

Illustrated notes

Levels and vault maps discovered:
D:3:      layout_basic, lemuel_crystal_altar, uniq_robin
D:4:      layout_cave_pools, uniq_blork_the_orc, uniq_eustachio, uniq_natasha
D:5:      layout_loops_ring, grunt_gozag_statues

Action                   || total
-------------------------++-------
Melee: Hand axe          ||     8
       Tailslap          ||     2
 Abil: Rolling Charge    ||     1
  Use: Scroll            ||     1
Armor: Leather armour    ||     2
Dodge: Dodged            ||     3

Table legend: (Time is in decaauts)
 A = Elapsed time spent in this place.
 B = Non-inter-level travel time spent in this place.
 C = Inter-level travel time spent in this place.
 D = Time resting spent in this place.
 E = Time spent auto-exploring this place.
 F = Levels seen in this place.
 G = Mean time per level.
                   A        B        C        D        E       F      G
               +--------+--------+--------+--------+--------+-----+--------+
         Total |     78 |     78 |      0 |      0 |      9 |   3 |   26.0 |
       Dungeon |     78 |     78 |      0 |      0 |      9 |   3 |   26.0 |
               +--------+--------+--------+--------+--------+-----+--------+

Top non-repeatable levels by time:
     D:4: 60 daAuts
     D:5: 14 daAuts
     D:3: 4 daAuts
